 Dungeon Crawl Stone Soup version 0.24.0-10-g970556be89 (console) character file.

Game seed: 6202851194834943429, levelgen mode: deterministic

55 AlterAsc the Changer (level 3, -1/23 HPs)
             Began as an Octopode Transmuter on Nov 4, 2019.
             Slain by an orc
             ... wielding a +1 whip of distortion
              (3 damage)
             ... on level 3 of the Dungeon.
             The game lasted 00:05:17 (2202 turns).

AlterAsc the Changer (Octopode Transmuter)          Turns: 2202, Time: 00:05:18

Health: -1/23      AC:  1    Str: 10    XL:     3   Next: 93%
Magic:  4/6        EV: 13    Int: 15    God:
Gold:   98         SH:  0    Dex: 12    Spells: 1/7 levels left

rFire    . . .     SeeInvis .     - Unarmed
rCold    . . .     Gourm    .   (no shield)
rNeg     . . .     Faith    .   (helmet restricted)
rPois    .         Spirit   .   (no amulet)
rElec    .         Reflect  .   (no ring)
rCorr    .         Harm     .   (no ring)
MR       .....                  (no ring)
Stlth    ++........             (no ring)
HPRegen  0.07/turn              (no ring)
MPRegen  0.10/turn              (no ring)
                                (no ring)
                                (no ring)

@: very slightly contaminated
A: almost no armour, stealthy swim, amphibious, 8 rings, constrict 8, camouflage
1, gelatinous body 1
a: no special abilities


You were on level 3 of the Dungeon.
You were not hungry.

You visited 1 branch of the dungeon, and saw 3 of its levels.

You collected 98 gold pieces.

Inventory:

Missiles
 a - 7 arrows
Scrolls
 d - a scroll of blinking {unknown}
 e - a scroll of enchant armour {unknown}
 f - a scroll of identify {unknown}
Potions
 g - a potion of curing {unknown}
 h - a potion of resistance {unknown}
 i - a potion of brilliance {unknown}
Comestibles
 b - 3 chunks of flesh
 c - 2 rations


   Skills:
 - Level 1.0 Fighting
 - Level 2.0 Dodging
 - Level 3.0 Unarmed Combat
 + Level 2.6 Spellcasting
 * Level 3.4 Transmutations


You had one spell level left.
You knew the following spells:

 Your Spells              Type           Power        Failure   Level  Hunger
a - Beastly Appendage     Tmut           ##....       4%          1    #......
b - Sticks to Snakes      Tmut           ##......     8%          2    ###....
c - Spider Form           Tmut/Pois      #.........   30%         3    ###....

Your spell library contained the following spells:

 Spells                   Type           Power        Failure   Level  Hunger
 Ice Form                 Ice/Tmut       #.......     71%         4    #####..
 Blade Hands              Tmut           ##........   80%         5    ######.


Dungeon Overview and Level Annotations

Branches:
Dungeon (3/15)

Altars:
Gozag
Xom

Annotations:
D:2 Terence


Innate Abilities, Weirdness & Mutations

You cannot wear most types of armour.
You are very stealthy in the water. (Stealth+)
You are amphibious.
You can wear up to eight rings at the same time.
You can use your tentacles to constrict eight enemies at once.
Your skin changes colour to match your surroundings (Stealth+).
Your rubbery body absorbs attacks. (AC +1, EV +1)


Message History

Casting: Beastly Appendage (safe; 4% risk of failure)
Confirm with . or Enter, or press ? or * to list all spells.
You create a snake!
You now have 7 arrows.
You tentacle-slap the orc. You grab the orc.
The orc is almost dead.
You constrict the orc.
You kill the orc!
You swap places.
The orc throws a boomerang.
The boomerang barely misses you.
You see here a +0 mace.
You swap places.
You swap places.
The orc hits you with a +1 whip of distortion.
Space warps horribly around you!!
Ouch! That really hurt!
* * * LOW HITPOINT WARNING * * *
The orc barely misses you.
You see here a +0 mace.
You barely miss the orc. Your grab misses the orc.
The orc hits you with a +1 whip of distortion.
You die...

### ###.. ...#
.# #. #..# .#
....###.$####.#
.....oo.....#.#
#@S##.#.#
#..##.#.#
#.###..##^#.#
#...........#
#########.###
####.###
#......#
#.##.#.#
##.#....########


You could see 2 orcs and a friendly ball python.

Vanquished Creatures
  An adder (D:3)
  2 worms (D:2)
  A dart slug (D:3)
  2 leopard geckos
  An orc (D:3)
  A giant cockroach (D:1)
  3 goblins
  5 hobgoblins
  4 jackals (D:2)
  2 kobolds
  4 bats
  4 frilled lizards
  6 rats
36 creatures vanquished.

Notes
Turn   | Place    | Note
-------+----------+-------------------------------------------
     0 | D:1      | AlterAsc the Octopode Transmuter began the quest for the
                  | Orb.
     0 | D:1      | Reached XP level 1. HP: 13/13 MP: 3/3
   297 | D:1      | Reached XP level 2. HP: 3/18 MP: 5/5
   536 | D:1      | Learned a level 2 spell: Sticks to Snakes
  1174 | D:2      | Noticed a wight
  1380 | D:2      | Noticed Terence
  1400 | D:2      | Reached XP level 3. HP: 12/23 MP: 6/6
  1521 | D:2      | Learned a level 3 spell: Spider Form
  1544 | D:2      | Found a shimmering altar of Xom.
  1544 | D:2      | Found a shimmering altar of Xom.
  1544 | D:2      | Found a shimmering altar of Xom.
  1548 | D:2      | Found a shimmering altar of Xom.
  2069 | D:3      | Found an opulent altar of Gozag.
  2202 | D:3      | Slain by an orc

Levels and vault maps discovered:
D:1:      minmay_arrival_shattered_statue, layout_loops_ring
D:2:      layout_basic, xom_redecorated, first_ration, uniq_terence
D:3:      layout_loops_corners, solitary_fountain, st_stairs_6,
          grunt_gozag_statues

Skill      XL: |  1  2  3 |
---------------+----------+-----
Transmutations | 3 |  3.4
Fighting       | |  1.0
Dodging        | |  2.0
Unarmed Combat | |  3.0
Spellcasting   | |  2.6

Action                   || total
-------------------------++-------
Melee: Unarmed           ||    96
       Constrict         ||    25
       Kick              ||    10
       Punch             ||     3
       Tentacles         ||    10
 Cast: Beastly Appendage ||    15
       Sticks to Snakes  ||     5
 Stab: Sleeping          ||     3
  Eat: Chunk             ||     1
       Ration            ||     1
Armor: Skin              ||     6
Dodge: Dodged            ||    69
